 Dungeon Crawl Stone Soup version 0.26.0-11-g8f856b5395 (webtiles) character file.

Game seed: 11672328073451084464

76 Destapler the Chiller (level 4, -10/30 HPs)
             Began as a Human Ice Elementalist on Jan 15, 2021.
             Mangled by an ogre
             ... wielding a +0 giant club
              (20 damage)
             ... on level 2 of the Dungeon.
             The game lasted 00:08:32 (2659 turns).

Destapler the Chiller (Human Ice Elementalist)      Turns: 2659, Time: 00:08:33

Health: -10/30     AC:  4    Str:  9    XL:     4   Next: 57%
Magic:  0/7        EV: 13    Int: 16    God:
Gold:   96         SH:  0    Dex: 13    Spells: 3/7 levels left

rFire    + . .     SeeInvis +   b - -1 dagger (curse)
rCold    + . .     Faith    .   (no shield)
rNeg     . . .     Spirit   .   a - +0 robe
rPois    .         Reflect  .   c - +0 helmet
rElec    .         Harm     .   i - scarf {rC+ rF+}
rCorr    .         Rampage  .   n - +0 pair of gloves
Will     .....                  (no boots)
Stlth    ++........             (no amulet)
HPRegen  0.10/turn              l - ring of see invisible
MPRegen  0.10/turn              (no ring)

@: frozen ramparts
A: no striking features
a: no special abilities


You were on level 2 of the Dungeon.
You visited 1 branch of the dungeon, and saw 2 of its levels.

You collected 96 gold pieces.

Inventory:

Hand Weapons
 b - a cursed -1 dagger (weapon)
 g - a +0 dagger
Missiles
 m - 6 boomerangs (quivered)
Armour
 a - a +0 robe (worn)
 c - a +0 helmet (worn)
 i - a scarf of resistance (worn)
 n - a +0 pair of gloves (worn)
Jewellery
 l - a ring of see invisible (left hand)
Scrolls
 d - a scroll of magic mapping
 e - 7 scrolls of identify
 p - a scroll of fog {unknown}
Potions
 f - a potion of resistance {unknown}
 h - 3 potions of lignification {unknown}
 j - a potion of curing {unknown}
 k - a potion of might {unknown}
 o - a potion of flight {unknown}


   Skills:
 + Level 1.3 Short Blades
 + Level 2.6 Dodging
 + Level 2.6 Stealth
 + Level 2.4 Spellcasting
 * Level 4.5 Ice Magic


You had 3 spell levels left.
You knew the following spells:

 Your Spells              Type           Power        Failure   Level
a - Freeze                Ice            64%          3%          1
b - Frozen Ramparts       Ice            32%          10%         3

Your spell library contained the following spells:

 Spells                   Type           Power        Failure   Level
 Ozocubu's Armour         Ice            16%          10%         3
 Hailstorm                Conj/Ice       9%           61%         4
 Summon Ice Beast         Ice/Summ       9%           61%         4


Dungeon Overview and Level Annotations

Branches:
Dungeon (2/15)

Altars:


Message History

Ouch! That really hurt!
* * * LOW HITPOINT WARNING * * *
Casting: Freeze (safe; 3% risk of failure)
Confirm with . or Enter, or press ? or * to list all spells.
Aiming: Freeze (safe; 3% risk of failure)
Press: ? - help, Shift-Dir - straight line, f/p - ogre
Aim: an ogre, wielding a +0 giant club (moderately wounded)
You freeze the ogre.
The ogre is heavily wounded.
Casting: Freeze (safe; 3% risk of failure)
Confirm with . or Enter, or press ? or * to list all spells.
Aiming: Freeze (safe; 3% risk of failure)
Press: ? - help, Shift-Dir - straight line, f/p - ogre
Aim: an ogre, wielding a +0 giant club (heavily wounded)
You freeze the ogre.
The ogre is severely wounded.
The wall freezes the ogre.
The ogre hits you with a +0 giant club!!
Ouch! That really hurt!
You die...

#.#.#.#.#.#
#.......#.#
#########.#
#........#
#.######## #.# #.#
####.##############.
#...........@O......
####################


You could see an ogre.

Vanquished Creatures
  2 adders (D:2)
  An ooze (D:2)
  A worm (D:2)
  2 dart slugs
  3 leopard geckos
  A ball python (D:2)
  5 bats
  4 giant cockroaches
  2 goblins (D:2)
  6 hobgoblins
  4 kobolds
  A quokka (D:2)
  5 frilled lizards
  7 rats
44 creatures vanquished.

Notes
Turn   | Place    | Note
-------+----------+-------------------------------------------
     0 | D:1      | Destapler the Human Ice Elementalist began the quest for
                  | the Orb.
     0 | D:1      | Reached XP level 1. HP: 13/13 MP: 3/3
   185 | D:1      | Reached XP level 2. HP: 4/19 MP: 3/5
  1290 | D:2      | Reached XP level 3. HP: 14/24 MP: 3/6
  1302 | D:2      | Reached skill level 1 in Short Blades
  1640 | D:2      | Learned a level 3 spell: Frozen Ramparts
  1730 | D:2      | Reached XP level 4. HP: 28/30 MP: 4/7
  2651 | D:2      | Noticed an ogre
  2659 | D:2      | Mangled by an ogre

Illustrated notes

Levels and vault maps discovered:
D:1:      dpeg_arrival_shrine, layout_loops_ring
D:2:      layout_basic

Skill      XL: |  1  2  3 |
---------------+----------+-----
Short Blades   | 1 |  1.3
Dodging        | |  2.6
Stealth        | |  2.6
Spellcasting   | |  2.4
Ice Magic      | |  4.5

Action                   |  1- 3 |  4- 6 || total
-------------------------+-------+-------++-------
Melee: Dagger            |    43 |    34 ||    77
Throw: Boomerang         |       |     4 ||     4
 Cast: Freeze            |    38 |    22 ||    60
       Frozen Ramparts   |       |     2 ||     2
  Use: Scroll            |     3 |       ||     3
 Stab: Sleeping          |     2 |     3 ||     5
Armor: Robe              |    37 |     4 ||    41
Dodge: Dodged            |    62 |    26 ||    88
